 Dungeon Crawl Stone Soup version 0.29.1-12-g30fa7ad0bf (webtiles) character file.

Game seed: 11585427946523680367

3760 nightchill the Grappler (level 9, -2/91 HPs)
             Began as a Troll Warper on Jan 15, 2023.
             Was an Elder of Okawaru.
             Slain by a vampire
             ... wielding a +1 vampiric halberd
              (14 damage)
             ... in a bailey.
             The game lasted 00:17:06 (5500 turns).

nightchill the Grappler (Troll Warper)              Turns: 5500, Time: 00:17:07

Health: -2/91      AC:  5    Str: 25    XL:     9   Next: 94%
Magic:  12/12      EV: 11    Int:  9    God:    Okawaru [****..]
Gold:   382        SH:  0    Dex:  9    Spells: 10/10 levels left

rFire   . . .      SeeInvis .     - Unarmed
rCold   . . .      Faith    .   (no shield)
rNeg    . . .      Spirit   .   a - +0 robe
rPois   +          Reflect  .   x - +0 hat "Circh" {+Blink rPois}
rElec   .          Harm     .   l - +0 cloak
rCorr   .          Rampage  .   (gloves unavailable)
Will    .....                   (boots unavailable)
Stlth   +++.......              (no amulet)
HPRegen 1.05/turn               (no ring)
MPRegen 0.13/turn               (no ring)

@: mighty, heroic
A: large, unfitting armour, claws 3, regeneration 1, shaggy fur 1, tough skin 1
a: Renounce Religion, Evoke Blink, Heroism, Finesse


You were in a bailey.
You worshipped Okawaru.
Okawaru was greatly pleased with you.
You visited 1 branch of the dungeon, and saw 7 of its levels.
You also visited: Bailey.

You collected 382 gold pieces.

Inventory:

Missiles
 c - 7 boomerangs of dispersal (quivered)
 k - 3 boomerangs
Armour
 a - a +0 robe (worn)
 l - a +0 cloak (worn)
 x - the +0 hat "Circh" (worn) {+Blink rPois}
   (You found it in a bailey)

   rPois:     It protects you from poison.
   +Blink:    It lets you blink.
 y - the +2 hat of the Bear Spirit {Spirit, *Rage Will++}
   (You found it in a bailey)

   Going berserk makes the wearer tougher, and they're slowed less afterward.
   *Rage:     It berserks you when you make melee attacks (+20% chance).
   Will:      It greatly increases your willpower.
Jewellery
 m - a +4 ring of protection
Wands
 s - a wand of acid (14)
Scrolls
 b - 2 scrolls of blinking
 d - a scroll of silence {unknown}
 f - a scroll of teleportation
 g - 7 scrolls of poison
 h - a scroll of magic mapping {unknown}
 n - 2 scrolls of vulnerability
 q - a scroll of identify
 r - a scroll of enchant weapon
 t - 2 scrolls of amnesia {unknown}
 u - 2 scrolls of immolation
 v - a scroll of enchant armour
 w - 2 scrolls of noise
Potions
 e - 3 potions of mutation
 i - 4 potions of might
 j - a potion of flight
 o - a potion of cancellation


   Skills:
 + Level 6.3(11.3) Fighting
 - Level 0.8(5.8) Throwing
 - Level 1.9(6.9) Dodging
 * Level 10.7(15.7) Unarmed Combat
 - Level 1.2 Spellcasting
 - Level 2.1 Translocations
 + Level 5.5 Invocations


You had 10 spell levels left.
You didn't know any spells.
Your spell library contained the following spells:

 Spells                   Type           Power      Damage    Failure   Level
 Apportation              Tloc           8%         N/A       14%         1
 Blink                    Tloc           8%         N/A       22%         2
 Necrotise                Necr           0%         1d4       36%         1
 Gell's Gravitas          Tloc           4%         N/A       41%         3
 Lesser Beckoning         Tloc           4%         N/A       41%         3
 Teleport Other           Tloc           4%         N/A       41%         3
 Ensorcelled Hibernation  Hex/Ice        0%         N/A       50%         2
 Inner Flame              Hex/Fire       0%         N/A       73%         3
 Spider Form              Tmut/Pois      0%         N/A       73%         3
 Anguish                  Hex/Necr       0%         N/A       98%         4
 Cause Fear               Hex            0%         N/A       98%         4
 Olgreb's Toxic Radiance  Pois           0%         N/A       98%         4
 Manifold Assault         Tloc           4%         N/A       99%         5
 Ozocubu's Refrigeration  Ice            0%         4d7       100%        7
 Discord                  Hex            0%         N/A       100%        8
 Ignition                 Fire           0%         3d3       100%        8
 Summon Small Mammal      Summ           Unusable   N/A       N/A         1

Dungeon Overview and Level Annotations

Branches:
Dungeon (7/15)             Temple (0/1) D:6          Bailey (1/1)

Altars:
Elyvilon
Okawaru
Ru
Sif Muna
Uskayaw

Shops:
D:4 !   D:5 *   D:6 ?   D:7 (

Annotations:
D:3 2 transporters, diceflayer's ghost, weakling DsHu
D:4 1 runed translucent door, diceflayer's ghost, amateur DsHu
D:5 2 transporters, exclusion: downstairs, diceflayer's ghost, novice DsHu


Innate Abilities, Weirdness & Mutations

You are too large for most types of armour.
You have claws for hands.
Your natural rate of healing is unusually fast.
You are covered in fur. (AC +1)
You have tough skin. (AC +1)


Message History

Something hits you! Something completely misses you. Something bites you.
Something draws strength from your injuries!
Something hits you. Something bites you but does no damage.
Something hits you!!
* * * LOW HITPOINT WARNING * * *
Something bites you.
* * * LOW HITPOINT WARNING * * *
Something draws strength from your injuries!
Something hits you!
* * * LOW HITPOINT WARNING * * *
You feel very mighty all of a sudden. Something hits you.
* * * LOW HITPOINT WARNING * * *
You hear some strange, mumbled words.
You are confused.
You feel better. Something hits you!
* * * LOW HITPOINT WARNING * * *
Something bites you!
* * * LOW HITPOINT WARNING * * *
Something draws strength from your injuries!
You hear some strange, mumbled words.
Something tries to affect you, but you resist.
You hear some strange, mumbled words.
Something tries to affect you, but you resist.
Something hits you!
* * * LOW HITPOINT WARNING * * *
Found a potion of mutation, a runed scarf and a bubbling grey potion.
Found a bubbling grey potion.
You see here a bubbling grey potion.
You see here a potion of heal wounds.
You feel much better. Something hits you!
* * * LOW HITPOINT WARNING * * *
Something hits you!
* * * LOW HITPOINT WARNING * * *
Something bites you but does no damage.
You see here a bubbling grey potion.
You miss something. You miss something. Something hits you!
You die...

### ###### #.÷
##....###### #÷÷
##......##.8#####..
#8@.##...#..#...###
#!.## #..'..#......
#[.####..'..#......
#8!.##...#..#....).
##).....##..#...♣♣.
##8...##...#......
######....##...♣)
#8...)).##....
#...##.).##...


There were no monsters in sight!

Vanquished Creatures
  Pikel (D:4)
  A gargoyle (Bailey)
  Grinder (D:4)
  Sigmund (D:6)
  Menkaure (D:6)
  A water moccasin (D:6)
  3 ice beasts
  A black bear (D:6)
  A sky beast (D:6)
  An ogre (D:5)
  3 lemures (D:4)
  3 scorpions
  2 necrophages (D:6)
  A howler monkey (D:5)
  3 jellies
  7 vampire bats (Bailey)
  8 wolf zombies (Bailey)
  2 quasits
  3 orc priests
  3 hounds
  Natasha (thrice) (D:2)
  2 iguanas
  6 orc wizards
  Robin (D:3)
  4 gnolls (D:5)
  17 orc zombies (Bailey)
  7 adders
  4 shadow imps
  2 white imps
  5 ufetubi
  3 worms
  2 dart slugs
  16 orcs
  2 ball pythons (D:2)
  5 endoplasms
  A giant cockroach (D:3)
  16 goblins
  5 hobgoblins
  4 jackals
  11 kobolds
  3 quokkas
  3 bats
  4 frilled lizards
  4 rats
177 creatures vanquished.

Vanquished Creatures (others)
  7 plants
7 creatures vanquished.

Grand Total: 184 creatures vanquished

Notes
Turn   | Place    | Note
-------+----------+-------------------------------------------
     0 | D:1      | nightchill the Troll Warper began the quest for the Orb.
     0 | D:1      | Reached XP level 1. HP: 19/19 MP: 1/1
    30 | D:1      | Found a faded altar of an unknown god.
   151 | D:1      | Reached XP level 2. HP: 28/28 MP: 2/2
   758 | D:2      | Reached skill level 3 in Unarmed Combat
   834 | D:2      | Reached XP level 3. HP: 31/35 MP: 3/3
   924 | D:2      | Found a shimmering blue altar of Sif Muna.
   933 | D:2      | Noticed Natasha
   942 | D:2      | Killed Natasha
  1066 | D:2      | Noticed Natasha
  1080 | D:2      | Killed Natasha
  1081 | D:2      | Reached XP level 4. HP: 24/44 MP: 4/4
  1132 | D:2      | Noticed Natasha
  1142 | D:2      | Killed Natasha
  1143 | D:2      | Reached skill level 4 in Unarmed Combat
  1500 | D:3      | Reached XP level 5. HP: 50/50 MP: 5/5
  1735 | D:3      | Noticed Robin
  1775 | D:3      | Killed Robin
  1814 | D:3      | Found a transporter.
  1819 | D:3      | Found a transporter.
  1819 | D:3      | Identified the +7 halberd of Gyoh {chaos, rF++}
  1912 | D:3      | Noticed diceflayer's ghost (weakling DsHu)
  2040 | D:4      | Reached skill level 5 in Unarmed Combat
  2080 | D:4      | Found an iron altar of Okawaru.
  2080 | D:4      | Found a sacrificial altar of Ru.
  2082 | D:4      | Found a hide-covered altar of Uskayaw.
  2085 | D:4      | Noticed Grinder
  2107 | D:4      | Paralysed by Grinder for 3 turns
  2117 | D:4      | Paralysed by Grinder for 3 turns
  2124 | D:4      | Killed Grinder
  2125 | D:4      | Reached skill level 6 in Unarmed Combat
  2125 | D:4      | Reached XP level 6. HP: 47/61 MP: 6/6
  2147 | D:4      | Became a worshipper of Warmaster Okawaru
  2243 | D:4      | Found Lawnau's Distillery.
  2274 | D:4      | Reached XP level 7. HP: 42/68 MP: 7/7
  2335 | D:4      | Found a runed translucent door.
  2335 | D:4      | Noticed diceflayer's ghost (amateur DsHu)
  2432 | D:4      | Noticed Pikel
  2471 | D:4      | Reached skill level 1 in Invocations
  2730 | D:4      | Found a white marble altar of Elyvilon.
  2868 | D:4      | Killed Pikel
  2868 | D:4      | Reached * piety under Okawaru
  2869 | D:4      | Reached skill level 7 in Unarmed Combat
  2869 | D:4      | Reached XP level 8. HP: 56/79 MP: 8/8
  2965 | D:5      | Entered Level 5 of the Dungeon
  3067 | D:5      | Found a transporter.
  3069 | D:5      | Noticed diceflayer's ghost (novice DsHu)
  3073 | D:5      | Found a transporter.
  3494 | D:5      | Reached skill level 8 in Unarmed Combat
  3686 | D:5      | Found Wealuw's Fire Supplies.
  3967 | D:6      | Reached ** piety under Okawaru
  3968 | D:6      | Reached skill level 5 in Fighting
  4031 | D:6      | Noticed Sigmund
  4111 | D:5      | Reached skill level 9 in Unarmed Combat
  4165 | D:6      | Killed Sigmund
  4166 | D:6      | Reached XP level 9. HP: 85/88 MP: 7/11
  4570 | D:6      | Found a staircase to the Ecumenical Temple.
  4576 | D:6      | Found Qicits's Magic Scroll Emporium.
  4576 | D:6      | Noticed Menkaure
  4588 | D:6      | Killed Menkaure
  4845 | D:7      | Found Icuseun's Weapon Emporium.
  4911 | D:7      | HP: 2/89 [orc priest/divine providence (10)]
  4921 | D:6      | Reached *** piety under Okawaru
  4997 | D:7      | HP: 1/89 [ice beast (11)]
  5004 | D:7      | Reached skill level 10 in Unarmed Combat
  5096 | D:7      | Found a flagged portal.
  5105 | Bailey   | Entered a bailey
  5125 | Bailey   | Noticed a gargoyle
  5137 | Bailey   | Killed a gargoyle
  5138 | Bailey   | Reached skill level 5 in Invocations
  5192 | Bailey   | Identified the +0 hat "Circh" {+Blink rPois}
  5343 | Bailey   | Reached **** piety under Okawaru
  5400 | Bailey   | Found the +2 hat of the Bear Spirit {Spirit, *Rage Will++}
  5489 | Bailey   | HP: 4/91 [something (10)]
  5500 | Bailey   | Slain by a vampire

Illustrated notes

Levels and vault maps discovered:
D:1:      heliophobic_arrival_ceremonial_halls, layout_basic,
          shapermc_ecumenical_altar_mp_highgroup, dreamdust_wishing_well
D:2:      layout_loops_ring, basic_altar, corner_web_ring, uniq_natasha
D:3:      layout_rooms, gammafunk_ghost_gnarly_gnolls, uniq_robin
D:4:      layout_basic, nicolae_elyvilon_temple_path,
          grunt_temple_overflow_open, hellmonk_ghost_happy_afterlife,
          serial_shops, shop, guppyfry_early_lair_pool, uniq_grinder, uniq_pikel
D:5:      layout_loops_corners, gammafunk_ghost_hive, nicolae_shop_fire_sale
          [nicolae_sub_dead_trees]
D:6:      layout_cave_pools, temple_doors_e, serial_demonic, serial_demonic_a,
          serial_demonic_f, serial_demonic_c, serial_demonic_a, serial_shops,
          shop, uniq_menkaure, uniq_sigmund
D:7:      layout_rooms, serial_shops, nicolae_take_the_stairs, enter_bailey_5,
          uniq_crazy_yiuf_cottage
Bailey:   bailey_polearm_vampire_castle_hellmonk, bailey

Skill      XL: |  1  2  3  4  5  6  7  8  9 |
---------------+----------------------------+-----
Fighting       | 2 3 4 5 6 |  6.3
Unarmed Combat | 3 4 6 7 9 10 | 10.7
Invocations    | 2 4 5 |  5.5
Throwing       | |  0.8
Dodging        | |  1.9
Spellcasting   | |  1.2
Translocations | |  2.1

Action                   |  1- 3 |  4- 6 |  7- 9 || total
-------------------------+-------+-------+-------++-------
Melee: Unarmed           |   107 |   129 |   333 ||   569
       Punch             |     2 |     3 |    12 ||    17
Invok: Heroism           |       |       |     8 ||     8
  Use: Scroll            |       |       |    13 ||    13
       Potion            |       |       |     5 ||     5
 Stab: Sleeping          |     1 |     1 |       ||     2
Armor: Robe              |    39 |    45 |   129 ||   213
Dodge: Dodged            |    45 |    43 |   174 ||   262
